 Dungeon Crawl Stone Soup version 0.30-a0-377-g5cb311bc9f (webtiles) character file.

Game seed: 4471913823180918225

7497 ragingrage the Fighter (level 11, -8/84 HPs)
             Began as a Djinni Delver on Nov 29, 2022.
             Was a Follower of Ashenzari.
             Mangled by a gargoyle
             ... wielding a +2 morningstar of holy wrath
              (25 damage)
             ... on level 10 of the Dungeon.
             The game lasted 00:15:41 (10845 turns).

ragingrage the Fighter (Djinni Delver)             Turns: 10845, Time: 00:15:41

Health: -8/84      AC:  5    Str: 11    XL:     11   Next: 38%
Gold:   783        EV: 13    Int: 16    God:    Ashenzari [*.....] SH:  0 Dex: 15

rFire   + + .      SeeInvis .    a - +7 dagger "Zitanade" {elec, +Blink rPois}
rCold   . . .      Faith    .    (no shield)
rNeg    . . .      Spirit   .    I - +0 troll leather armour
rPois   ∞          Reflect  .    (no helmet)
rElec   .          Harm     .    h - +0 cloak "I Knew You'd Do That" {Cun, Melee} (curse)
rCorr   +          Rampage  .    (no gloves)
Will    +....                    (boots unavailable)
Stlth   +++.......               (no amulet)
HPRegen 1.14/turn                r - ring of Ashenzari's Secrets {rCorr, Fort, Melee} (curse)
MPRegen 0.00/turn                C - ring of protection from cold

@: flying
A: sickness immunity, fire resistance 2, cold vulnerability 1, float, innate
caster, HP casting, extra vitality 1
a: Renounce Religion, Evoke Blink, Curse Item, Shatter the Chains


You were on level 10 of the Dungeon.
You worshipped Ashenzari.
Ashenzari was aware of your devotion.
You visited 2 branches of the dungeon, and saw 11 of its levels.

You collected 783 gold pieces.

Inventory:

Hand Weapons
 a - the +7 dagger "Zitanade" (weapon) {elec, +Blink rPois}
   (You found it on level 4 of the Dungeon)

   It occasionally discharges a powerful burst of electricity upon striking a
   foe.
   rPois:     It protects you from poison.
   +Blink:    It lets you blink.
 b - a +2 sling of freezing
 n - a +2 falchion of protection
 s - a +0 falchion
 E - a +0 dagger
Missiles
 F - 21 poisoned darts
Armour
 h - the cursed +0 cloak "I Knew You'd Do That" (worn) {Cun, Melee}
   (You found it on level 6 of the Dungeon)

   It has a curse which improves the following skills: Cunning: Dodging and
   Stealth.
   Melee Combat: Short Blades, Long Blades, Axes, Maces & Flails, Polearms,
   Staves and Unarmed Combat.
 v - a +2 robe of resistance
 D - the +1 kite shield "Udioliv" {rN+ Int+3}
   (You found it on level 7 of the Dungeon)

   Int:       It affects your intelligence (+3).
   rN:        It protects you from negative energy.
 G - a scarf of repulsion
 I - a +0 troll leather armour (worn)
 J - the +1 robe of Ixihoeg {rElec Str+2 Int+4}
   (You found it on level 10 of the Dungeon)

   Str:       It affects your strength (+2).
   Int:       It affects your intelligence (+4).
   rElec:     It insulates you from electricity.
Jewellery
 r - the cursed ring of Ashenzari's Secrets (left hand) {rCorr, Fort, Melee}
   (You found it on level 5 of the Dungeon)

   [ring of resist corrosion]

   rCorr:     It protects you from acid and corrosion.
   It has a curse which improves the following skills: Fortitude: Armour and
   Shields.
   Melee Combat: Short Blades, Long Blades, Axes, Maces & Flails, Polearms,
   Staves and Unarmed Combat.
 C - a ring of protection from cold (right hand)
Wands
 g - a wand of digging (15)
 m - a wand of charming (4)
 p - a wand of mindburst (5)
Scrolls
 c - a scroll of fog
 d - 4 scrolls of magic mapping
 e - 6 scrolls of fear
 i - a scroll of brand weapon
 j - 6 scrolls of teleportation
 k - 2 scrolls of blinking
 l - a scroll of butterflies
 o - 4 scrolls of immolation
 q - 3 scrolls of enchant armour
 x - a scroll of vulnerability
 y - 2 scrolls of enchant weapon
Potions
 f - a potion of haste
 t - 6 potions of lignification
 u - a potion of mutation
 w - 2 potions of heal wounds
 z - 2 potions of attraction
 A - 6 potions of curing
 B - 3 potions of might
 H - a potion of brilliance


   Skills:
 + Level 9.3 Fighting
 - Level 8.4(10.0) Short Blades
 - Level 3.6(7.2) Long Blades
 + Level 3.0(3.7) Armour
 - Level 4.2(5.0) Dodging
 + Level 5.1(6.0) Stealth
 + Level 3.4(4.2) Shields
 * Level 6.1 Spellcasting


You had 9 spell levels left.
You knew the following spells:

 Your Spells              Type           Power      Damage    Failure   Level
a - Summon Small Mammal   Summ           96%        N/A       1%          1
b - Blink                 Tloc           48%        N/A       2%          2
c - Call Imp              Summ           24%        N/A       2%          2
d - Gell's Gravitas       Tloc           24%        N/A       4%          3
e - Metabolic Englaciati  Hex/Ice        12%        N/A       36%         5
Your spell library was empty.

Dungeon Overview and Level Annotations

Branches:
Dungeon (10/15)            Temple (1/1) D:5            Lair (0/5) D:8
    Orc: D:9-12

Altars:
Ashenzari
Cheibriados
Elyvilon
Fedhas
Gozag
Hepliaklqana
Makhleb
Nemelex Xobeh
Okawaru
Qazlal
Trog
Wu Jian
Yredelemnul
Zin

Annotations:
D:10 4 runed translucent doors


Innate Abilities, Weirdness & Mutations

You are immune to sickness and miasma.
You are immune to poison.
Your flesh is very heat resistant. (rF++)
You are vulnerable to cold. (rC-)
You float through the air rather than walking.
You learn spells naturally, not from books.
Your magical power is your life essence.
You have superior vitality. (+4 MHP)


Message History

Your white imp hits the gargoyle.
Your white imp freezes the gargoyle.
You hit the gargoyle.
The gargoyle is almost destroyed.
You hit the gargoyle but do no damage.
The gargoyle is almost destroyed.
The gargoyle misses you.
Your white imp gestures at the gargoyle.
The puff of frost hits the gargoyle but does no damage.
You hit the gargoyle but do no damage.
The gargoyle is almost destroyed.
You hit the gargoyle but do no damage.
The gargoyle is almost destroyed.
The gargoyle closely misses you.
Your white imp hits the gargoyle but does no damage.
You barely miss the gargoyle.
The gargoyle is almost destroyed.
You hit the gargoyle but do no damage.
The gargoyle is almost destroyed.
The gargoyle hits you with a +2 morningstar of holy wrath!!
Your white imp completely misses the gargoyle.
You hit the gargoyle but do no damage.
The gargoyle is almost destroyed.
You hit the gargoyle but do no damage.
The gargoyle is almost destroyed.
The gargoyle hurls a stone arrow at you.
The stone arrow misses you.
Your white imp closely misses the gargoyle.
You hit the gargoyle but do no damage.
The gargoyle is almost destroyed.
You hit the gargoyle but do no damage.
The gargoyle is almost destroyed.
The gargoyle hits you with a +2 morningstar of holy wrath!!
* * * LOW HITPOINT WARNING * * *
Your white imp barely misses the gargoyle.
You hit the gargoyle but do no damage.
The gargoyle is almost destroyed.
You hit the gargoyle but do no damage.
The gargoyle is almost destroyed.
The gargoyle hits you with a +2 morningstar of holy wrath!!
You die...

..# #......59....#
#'###
#.##########5#
....# #.# #.#
....###9# #.#
....#.5.# #9#
....5.#.# #.#
...<###.# #.#
#####
#.#####+####5#
#.........@9.#
#########...##
####.....###
###.........# ##
#.9r........#
.#####.#.........#
.##....#.........#
.##.####.........#
.##.# #.........#


You could see a gargoyle (ally target) and a friendly white imp (summoned).

Vanquished Creatures
  A two-headed ogre (D:9)
  A manticore (D:9)
  Joseph (D:8)
  Maurice (D:9)
  A komodo dragon (D:7)
  3 trolls
  Prince Ribbit (D:9)
  Sigmund (D:2)
  A wraith (D:9)
  4 yaks (D:10)
  2 wyverns
  A steam dragon (D:10)
  Menkaure (D:4)
  An acid dragon (D:10)
  An ice beast (D:8)
  An orc warrior (D:9)
  An ogre (D:9)
  3 kobold brigands
  4 bullfrogs
  2 gnoll sergeants
  2 necrophages
  3 scorpions
  5 wights (D:8)
  10 killer bees
  5 hounds
  3 jellies
  5 orc priests
  5 orc wizards
  5 iguanas
  7 gnolls
  7 adders
  A shadow imp (D:6)
  A white imp (D:5)
  3 dart slugs
  61 orcs
  6 ball pythons
  3 bats
  13 endoplasms
  5 giant cockroaches
  10 goblins
  5 hobgoblins
  8 jackals (D:5)
  4 quokkas
  A frilled lizard (D:2)
  A hobgoblin zombie (D:4)
  16 kobolds
  A kobold zombie (D:4)
  13 rats
241 creatures vanquished.

Vanquished Creatures (collateral kills)
  A komodo dragon (D:8)
  A hornet (D:8)
  A bullfrog (D:8)
  An iguana (D:3)
  An orc (D:10)
  4 kobolds (D:9)
9 creatures vanquished.

Vanquished Creatures (others)
  37 plants (D:8)
37 creatures vanquished.

Grand Total: 287 creatures vanquished

Notes
Turn   | Place    | Note
-------+----------+-------------------------------------------
     0 | D:5      | ragingrage the Djinni Delver began the quest for the Orb.
     0 | D:5      | Reached XP level 1. HP: 20/20 MP: 0/0
    16 | D:5      | Noticed an iguana
    31 | D:6      | Noticed a bullfrog
    79 | D:6      | Noticed a hound
   102 | D:6      | Killed a hound
   103 | D:6      | Reached XP level 2. HP: 6/25 MP: 0/0
   103 | D:6      | Reached XP level 3. HP: 7/30 MP: 0/0
   103 | D:6      | Learned a level 1 spell: Summon Small Mammal
   210 | D:6      | Noticed a bullfrog
   262 | D:6      | Killed a bullfrog
   263 | D:6      | Reached XP level 4. HP: 24/37 MP: 0/0
   425 | D:6      | Reached skill level 4 in Fighting
   425 | D:6      | Reached XP level 5. HP: 29/41 MP: 0/0
   425 | D:6      | Learned a level 2 spell: Blink
   522 | D:6      | Killed a bullfrog
   787 | D:5      | Reached XP level 6. HP: 48/48 MP: 0/0
   807 | D:4      | Found a bloodstained altar of Trog.
   830 | D:4      | Identified the +7 dagger "Zitanade" {elec, +Blink rPois}
   855 | D:4      | Noticed Menkaure
  1533 | D:2      | Noticed Sigmund
  1537 | D:2      | Killed Sigmund
  1538 | D:2      | Reached skill level 5 in Fighting
  1538 | D:2      | Reached skill level 1 in Short Blades
  1538 | D:2      | Reached skill level 1 in Spellcasting
  1538 | D:2      | Reached XP level 7. HP: 47/54 MP: 0/0
  1538 | D:2      | Learned a level 2 spell: Call Imp
  3169 | D:3      | Found a basalt altar of Yredelemnul.
  3679 | D:4      | Found a stormy altar of Qazlal.
  3806 | D:4      | Found an iron altar of Okawaru.
  3961 | D:4      | Killed Menkaure
  3962 | D:4      | Reached XP level 8. HP: 29/61 MP: 0/0
  4271 | D:4      | Found an ornate altar of the Wu Jian Council.
  4336 | D:5      | Reached skill level 6 in Fighting
  4610 | D:5      | Found a broken altar of Ashenzari.
  4786 | D:5      | Became a worshipper of Ashenzari the Shackled
  4968 | D:5      | Found a staircase to the Ecumenical Temple.
  5020 | Temple   | Entered the Ecumenical Temple
  5591 | D:7      | Identified the +1 kite shield "Udioliv" {rN+ Int+3}
  5886 | D:7      | Noticed a wyvern
  5892 | D:7      | Killed a wyvern
  5893 | D:7      | Reached skill level 1 in Shields
  5893 | D:7      | Reached XP level 9. HP: 67/67 MP: 0/0
  5893 | D:7      | Learned a level 3 spell: Gell's Gravitas
  5968 | D:7      | Noticed a komodo dragon
  5992 | D:7      | Killed a komodo dragon
  5993 | D:7      | Reached skill level 7 in Fighting
  5993 | D:7      | Reached skill level 5 in Short Blades
  6513 | D:8      | Found a glowing silver altar of Zin.
  6518 | D:8      | Found an opulent altar of Gozag.
  6570 | D:8      | Noticed Joseph
  6582 | D:8      | Killed Joseph
  6826 | D:8      | Noticed a hornet
  6855 | D:8      | Killed a hornet
  7305 | D:8      | Reached XP level 10. HP: 72/76 MP: 0/0
  7365 | D:8      | Reached skill level 8 in Fighting
  7425 | D:8      | Found a sparkling altar of Nemelex Xobeh.
  7439 | D:8      | Noticed a komodo dragon
  7638 | D:8      | Found a staircase to the Lair.
  7798 | D:8      | Reached * piety under Ashenzari
  7832 | D:8      | Killed a komodo dragon
  7833 | D:8      | Reached skill level 5 in Spellcasting
  8374 | D:9      | Noticed a two-headed ogre
  8377 | D:9      | Killed a two-headed ogre
  8575 | D:9      | Noticed Maurice
  8702 | D:9      | Noticed a manticore
  8705 | D:9      | Killed a manticore
  8764 | D:9      | Killed Maurice
  8821 | D:9      | Noticed Prince Ribbit
  8852 | D:9      | Killed Prince Ribbit
  8853 | D:9      | Reached skill level 1 in Armour
  8966 | D:9      | Found a white marble altar of Elyvilon.
  8999 | D:9      | Found a blossoming altar of Fedhas.
  9000 | D:9      | Identified the +1 ring mail of the Realm of Zot {MP+9 Int+7
                  | Stlth+}
  9127 | D:9      | Reached skill level 9 in Fighting
  9127 | D:9      | Reached XP level 11. HP: 76/84 MP: 0/0
  9127 | D:9      | Learned a level 5 spell: Metabolic Englaciation
  9164 | D:9      | Found a hazy altar of Hepliaklqana.
  9873 | D:10     | Entered Level 10 of the Dungeon
 10083 | D:10     | Found a runed translucent door.
 10119 | D:10     | Identified the +1 robe of Ixihoeg {rElec Str+2 Int+4}
 10134 | D:10     | Reached skill level 5 in Stealth
 10172 | D:10     | Found a runed translucent door.
 10181 | D:10     | Found a runed translucent door.
 10191 | D:10     | Found a runed translucent door.
 10416 | D:10     | Identified the +0 robe of Imeruzis {rC+}
 10845 | D:10     | Mangled by a gargoyle

Illustrated notes

Levels and vault maps discovered:
D:1:      lemuel_arrival_river_bridge, layout_basic
D:2:      minmay_angry_zag, layout_basic, minmay_puff, uniq_sigmund
D:3:      layout_loops_corners, lemuel_coloured_pillars_altar,
          supply_closet_lemuel
D:4:      layout_rooms, bloody_trog, mainiacjoe_overflow_alcove_2,
          okawaru_ov_weapons_minmay, mainiacjoe_overflow_chevrons,
          mainiacjoe_overflow_paths, enter_ossuary_3, uniq_menkaure
D:5:      layout_basic, lemuel_doored_altar, minmay_temple_entry_nine_rooms,
          kennysheep_minor_cross, interstate_on_off
D:6:      layout_gridville
D:7:      layout_basic
D:8:      layout_basic, lemuel_round_altar, grunt_gozag_breadcrumbs,
          lemuel_crystal_altar, david_lair_shrubbed, uniq_joseph
D:9:      layout_roguey [special_room_orc], general_overflow_altar,
          grunt_temple_overflow_open, uniq_maurice, uniq_prince_ribbit1
D:10:     layout_roguey, minmay_statue_crystal_thing
Temple:   nicolae_temple_bog_church

Skill      XL: |  1  2  3  4  5  6  7  8  9 10 11 |
---------------+----------------------------------+-----
Long Blades    | 2 3 |  3.6
Fighting       | 4 5 6 7 9 |  9.3
Short Blades   | 1 3 4 6 8 |  8.4
Spellcasting   | 1 2 3 4 5 6 |  6.1
Shields        | 1 2 3 |  3.4
Dodging        | 3 4 |  4.2
Armour         | 1 3 |  3.0
Stealth        | 5 |  5.1

Action                   |  1- 3 |  4- 6 |  7- 9 | 10-12 || total
-------------------------+-------+-------+-------+-------++-------
Melee: Falchion          |    18 |    19 |       |       ||    37
       Dagger            |     1 |    42 |   334 |   282 ||   659
       Punch             |       |     1 |     4 |     4 ||     9
Throw: Dart              |       |       |       |     4 ||     4
 Cast: Call Imp          |       |       |    17 |    16 ||    33
       Blink             |       |       |     3 |       ||     3
       Summon Small Mamm |       |       |     2 |     8 ||    10
       Gell's Gravitas   |       |       |     4 |    16 ||    20
       Metabolic Englaci |       |       |       |     3 ||     3
Invok: Curse Item        |       |       |     1 |     1 ||     2
Evoke: Wand              |       |       |       |     1 ||     1
  Use: Potion            |     1 |       |       |     1 ||     2
 Stab: Sleeping          |     1 |    11 |    23 |     7 ||    42
       Distracted        |       |       |       |     3 ||     3
Armor: Leather armour    |     6 |    15 |       |       ||    21
       Robe              |       |       |    61 |    20 ||    81
       Troll leather arm |       |       |       |    11 ||    11
       Ring mail         |       |       |       |     3 ||     3
Dodge: Dodged            |    15 |    36 |   144 |   135 ||   330
Block: Kite shield       |       |       |    16 |       ||    16

Table legend: (Time is in decaauts)
 A = Elapsed time spent in this place.
 B = Non-inter-level travel time spent in this place.
 C = Inter-level travel time spent in this place.
 D = Time resting spent in this place.
 E = Time spent auto-exploring this place.
 F = Levels seen in this place.
 G = Mean time per level.
                   A        B        C        D        E       F      G
               +--------+--------+--------+--------+--------+-----+--------+
         Total |  10628 |  10157 |    471 |   1780 |   6181 |  11 |  966.2 |
       Dungeon |  10626 |  10155 |    471 |   1780 |   6181 |  10 | 1062.6 |
        Temple |      1 |      1 |      0 |      0 |      0 |   1 |    1.0 |
               +--------+--------+--------+--------+--------+-----+--------+

Top non-repeatable levels by time:
     D:9: 1703 daAuts
     D:8: 1653 daAuts
     D:7: 1082 daAuts
     D:3: 1042 daAuts
     D:5: 988 daAuts
     D:6: 934 daAuts
     D:1: 847 daAuts
     D:2: 843 daAuts
    D:10: 792 daAuts
     D:4: 739 daAuts
  Temple: 1 daAuts
